 Dungeon Crawl Stone Soup version 0.18.1-6-gd335043 (webtiles) character file.

84 seren the Magician (level 4, -8/24 HPs)
             Began as a Deep Elf Wizard on May 18, 2016.
             Killed by divine providence
             ... invoked by an orc priest
              (11 damage)
             ... on level 4 of the Dungeon.
             The game lasted 00:13:37 (2745 turns).

seren the Magician (Deep Elf Wizard)                Turns: 2745, Time: 00:13:38

Health: -8/24      AC:  5    Str:  4    XL:     4   Next: 24%
Magic:  6/13       EV: 12    Int: 24    God:
Gold:   117        SH:  0    Dex: 13    Spells: 4 memorised, 6 levels left

rFire  . . .     SeeInvis .     f - +0 dagger
rCold  + . .     Gourm    .     n - +2 robe {rC+}
rNeg   . . .     Faith    .     (no shield)
rPois  .         Spirit   .     b - +0 hat
rElec  .         Dismiss  .     (no cloak)
rCorr  .         Reflect  .     (no gloves)
SustAt .         Harm     .     o - +0 pair of boots
MR     .....                    (no amulet)
Stlth  ++........               (no ring)
                                (no ring)

@: not resistant to hostile enchantments, unstealthy
A: no striking features
a: no special abilities


You were on level 4 of the Dungeon.
You were not hungry.

You visited 2 branches of the dungeon, and saw 4 of its levels.

You collected 117 gold pieces.

Inventory:

Hand Weapons
 f - a +0 dagger (weapon)
 i - a +0 short sword
Missiles
 t - 21 stones (quivered)
Armour
 b - a +0 hat (worn)
 n - a +2 robe of cold resistance (worn)
 o - a +0 pair of boots (worn)
Scrolls
 a - a scroll of amnesia {unknown}
 e - 3 scrolls of identify {unknown}
 g - a scroll of noise {unknown}
 h - 2 scrolls of recharging {unknown}
 k - a scroll of magic mapping {unknown}
 l - a scroll of teleportation {unknown}
 m - 3 scrolls of remove curse {unknown}
 q - a scroll of enchant armour {unknown}
 s - a scroll of random uselessness {unknown}
 w - a scroll of enchant weapon {unknown}
Potions
 r - a potion of agility {unknown}
 u - a potion of flight {unknown}
Books
 c - a book of Minor Magic

   Spells                             Type                      Level
   a - Magic Dart                     Conjuration                  1
   b - Blink                          Translocation                2
   c - Call Imp                       Summoning                    2
   d - Repel Missiles                 Charms/Air                   2
   e - Slow                           Hexes                        2
   f - Conjure Flame                  Conjuration/Fire             3
   g - Mephitic Cloud                 Conjuration/Poison/Air       3
Comestibles
 d - a bread ration
 j - 3 fruits
 p - a royal jelly


   Skills:
 - Level 2.4 Dodging
 + Level 2.4 Stealth
 + Level 5.6 Spellcasting
 + Level 3.2 Conjurations
 + Level 1.3 Charms
   Level 1.1 Summonings
 - Level 1.1 Translocations


You had 6 spell levels left.
You knew the following spells:

 Your Spells              Type           Power        Failure   Level  Hunger
a - Magic Dart            Conj           ###.         1%          1    None
b - Blink                 Tloc           N/A          10%         2    None
f - Conjure Flame         Conj/Fire      ##......     14%         3    #......
r - Repel Missiles        Chrm/Air       #.....       12%         2    None


Dungeon Overview and Level Annotations

Branches:
Dungeon (4/15)             Temple (1/1) D:4

Altars:
Cheibriados
Dithmenos
Kikubaaqudgha
Pakellas
Qazlal
Vehumet


Message History

You barely miss the orc priest.
The orc priest is heavily wounded.
Casting: Magic Dart
Confirm with . or Enter, or press ? or * to list all spells.
Aiming: Magic Dart
Press: ? - help, Shift-Dir - straight line, f/p - orc priest
Aim: an orc priest, wielding a flail of protection (heavily wounded)
The magic dart hits the orc priest.
The orc priest is severely wounded.
The orc priest misses you.
Casting: Magic Dart
Confirm with . or Enter, or press ? or * to list all spells.
Aiming: Magic Dart
Press: ? - help, Shift-Dir - straight line, f/p - orc priest
Aim: an orc priest, wielding a flail of protection (severely wounded)
The magic dart hits the orc priest.
The orc priest is almost dead.
The orc priest calls down the wrath of Beogh upon you.
Beogh smites you!
You die...

#.# ##.## #...#####.a.
#..#........
#.##.###.### ##.##.###
#.......#
#########.##.#.#
#......@o.##.#
#.........##>.
##########.####....####
#.....................#
#.##>#.###.#..........#
#.##.#.# #.##.........#
.#...#.# #.........####
#..###.# #######>.)#
#).###.# #...##


You could see an orc priest.

Vanquished Creatures
  3 adders
  A howler monkey skeleton (D:4)
  A worm (D:2)
  2 dart slugs (D:1)
  A giant gecko (D:1)
  A ball python (D:2)
  A giant cockroach (D:1)
  3 goblins
  3 hobgoblins
  3 jackals (D:1)
  8 kobolds
  3 bats
  6 giant newts (D:1)
  5 rats
41 creatures vanquished.

Notes
Turn   | Place    | Note
--------------------------------------------------------------
     0 | D:1      | seren the Deep Elf Wizard began the quest for the Orb.
     0 | D:1      | Reached XP level 1. HP: 10/10 MP: 7/7
   273 | D:1      | Reached XP level 2. HP: 15/15 MP: 2/9
   398 | D:1      | Learned a level 2 spell: Blink
   401 | D:1      | Learned a level 2 spell: Repel Missiles
   502 | D:1      | Reached skill level 5 in Spellcasting
  1088 | D:1      | Reached XP level 3. HP: 19/19 MP: 7/11
  1854 | D:2      | Learned a level 3 spell: Conjure Flame
  2299 | D:2      | You fall through a shaft for 2 floors!
  2333 | D:4      | Reached skill level 1 in Charms
  2333 | D:4      | Reached XP level 4. HP: 24/24 MP: 7/13
  2464 | D:4      | Found a staircase to the Ecumenical Temple.
  2473 | Temple   | Entered the Ecumenical Temple
  2745 | D:4      | Killed from afar by an orc priest

Skill      XL: |  1  2  3 |
---------------+----------+-----
Conjurations   | 2 3 |  3.2
Spellcasting   | 5 |  5.6
Charms         | 1 |  1.3
Dodging        | |  2.4
Stealth        | |  2.4
Summonings     | |  1.1
Translocations | |  1.1

Action                   |  1- 3 |  4- 6 || total
-------------------------+-------+-------++-------
Melee: Short sword       |     7 |       ||     7
       Dagger            |     1 |     4 ||     5
 Cast: Magic Dart        |    93 |    14 ||   107
  Eat: Chunk             |     4 |     1 ||     5
Armor: Robe              |     8 |     2 ||    10
Dodge: Dodged            |    23 |     5 ||    28
